 Dungeon Crawl Stone Soup version 0.31-a0-564-g3b7de120b3 (webtiles) character file.

Game seed: 8547638960143292518

160369 Ofeo the Warrior (level 17, -2/159 HPs)
             Began as a Grey Draconian Hexslinger on Aug 16, 2023.
             Was a High Priest of Okawaru.
             Slain by a hornet (11 damage)
             ... created by a shambling mangrove
             ... while paralysed by a hornet
             ... on level 4 of the Swamp on Aug 17, 2023.
             The game lasted 01:16:17 (42999 turns).

Ofeo the Warrior (Grey Draconian Hexslinger)       Turns: 42999, Time: 01:16:17

Health: -2/159     AC: 26    Str: 18    XL:     17   Next: 18%
Magic:  33/33      EV: -1    Int: 14    God:    Okawaru [*****.]
Gold:   1621       SH:  0    Dex: 29    Spells: 1/18 levels left

rFire   . . .        a - +9 falchion "Haceq" {flame, rElec rCorr}
rCold   + + +        t - +1 buckler {AC+3}
rNeg    + . .        (body armour unavailable)
rPois   .            M - +0 hat "Rutzyo" {Fly rC+++ Str+5 Stlth-}
rElec   +            F - +2 cloak {Will+}
rCorr   +            g - +2 pair of gloves of Erearej {rN+ Will- Slay+3}
SInv    +            O - +2 pair of boots {Fly}
Will    ++++.        Z - amulet "Feles" {Acrobat Will+++ MP+9 SInv Stlth-}
Stlth   ++++         v - +6 ring of dexterity
HPRegen 0.46/turn    U - +6 ring of dexterity
MPRegen 0.23/turn

%: acrobat
@: paralysed, lethally poisoned (-2 -> -24), about to teleport, heroic, grasped
by roots, flying, slowed, constricted, studying Transmutations
A: AC +14, amphibious, unfitting armour, cold-blooded, clumsy 1
a: Renounce Religion, Heroism, Finesse, Duel


You were on level 4 of the Swamp.
You worshipped Okawaru.
Okawaru was extremely pleased with you.
You visited 5 branches of the dungeon, and saw 27 of its levels.
You visited the Abyss 1 time.
You also visited: Ossuary.

You collected 2681 gold pieces.
You spent 1060 gold pieces at shops.

Inventory:

Hand Weapons
 a - the +9 falchion "Haceq" (weapon) {flame, rElec rCorr}
   (You found it on level 1 of the Lair of Beasts)

   rElec:     It insulates you from electricity.
   rCorr:     It protects you from acid and corrosion.
 b - the +8 long sword of Earthquakes {freeze, rF+ Will- Str+3}
   (You found it on level 11 of the Dungeon)

   Str+3:     It affects your strength (+3).
   rF+:       It protects you from fire.
   Will-:     It decreases your willpower.
 w - a +4 scimitar of flaming
Missiles
 y - 4 throwing nets
 A - 11 curare-tipped darts
Armour
 g - the +2 pair of gloves of Erearej (worn) {rN+ Will- Slay+3}
   (You found it on level 3 of the Swamp)

   Slay+3:    It affects your accuracy & damage with ranged weapons and melee
   (+3).
   rN+:       It protects you from negative energy.
   Will-:     It decreases your willpower.
 t - a +1 buckler of protection (worn)
 F - a +2 cloak of willpower (worn)
 H - a +2 pair of gloves
 M - the +0 hat "Rutzyo" (worn) {Fly rC+++ Str+5 Stlth-}
   (Okawaru gifted it to you on level 3 of the Lair of Beasts)

   Str+5:     It affects your strength (+5).
   rC+++:     It renders you almost immune to cold.
   Fly:       It grants you flight.
   Stlth-:    It makes you less stealthy.
 O - a +2 pair of boots of flying (worn)
 P - the scarf of Uwioph {harm, rF+ rC+ Regen+}
   (Okawaru gifted it to you on level 5 of the Lair of Beasts)

   rF+:       It protects you from fire.
   rC+:       It protects you from cold.
   Regen+:    It increases your rate of health regeneration.
Jewellery
 v - a +6 ring of dexterity (left hand)
 I - a +6 ring of intelligence
 U - a +6 ring of dexterity (right hand)
 Z - the amulet "Feles" (around neck) {Acrobat Will+++ MP+9 SInv Stlth-}
   (You found it on level 3 of the Swamp)

   [amulet of the acrobat]

   Acrobat:   It increases your evasion while moving and waiting.
   Will+++:   It greatly increases your willpower.
   MP+9:      It affects your magic capacity (+9).
   SInv:      It lets you see invisible.
   Stlth-:    It makes you less stealthy.
Talismans
 p - a beast talisman
 Q - a flux talisman
Wands
 z - a wand of iceblast (15) {@v4}
 C - a wand of flame (48)
 N - a wand of digging (1) {@v1}
 Y - a wand of acid (25) {@v2}
Scrolls
 c - 6 scrolls of teleportation {@r3}
 d - a scroll of vulnerability
 f - a scroll of butterflies {unknown}
 i - 7 scrolls of identify {@r1}
 n - 2 scrolls of immolation
 o - 6 scrolls of fog
 x - 4 scrolls of amnesia
 B - 5 scrolls of poison
 D - 2 scrolls of enchant armour
 L - 2 scrolls of enchant weapon
 T - 3 scrolls of revelation
 X - a scroll of silence
Potions
 e - a potion of enlightenment
 h - 4 potions of heal wounds {@q2}
 k - 11 potions of degeneration
 l - 6 potions of lignification
 m - 3 potions of might {@q4}
 q - 2 potions of curing {@q1}
 r - 2 potions of resistance {@q6}
 s - 3 potions of haste {@q3}
 u - 4 potions of mutation
 E - 2 potions of brilliance
 G - a potion of ambrosia
 J - 2 potions of attraction
 R - 3 potions of cancellation
 V - a potion of magic
Miscellaneous
 K - a phantom mirror


   Skills:
 * Level 16.5(21.5) Fighting
 - Level 14.0(19.0) Long Blades
 - Level 1.8(6.8) Ranged Weapons
 + Level 11.6(16.6) Dodging
 + Level 7.0(12.0) Stealth
 - Level 10.0(15.0) Shields
 - Level 1.0 Spellcasting
 - Level 7.2 Hexes
 + Level 1.7 Translocations
 - Level 6.1 Transmutations
 + Level 1.3 Air Magic
 - Level 10.4 Invocations
 - Level 12.1 Evocations


You had one spell level left.
You knew the following spells:

 Your Spells              Type           Power      Damage    Failure   Level
a - Slow                  Hex            84%        N/A       1%          1
b - Inner Flame           Hex/Fire       10%        N/A       21%         3
c - Vhi's Electric Charg  Tloc/Air       10%        N/A       43%         3
d - Cause Fear            Hex            10%        N/A       14%         4
e - Frozen Ramparts       Ice            0%         1d1       65%         3
f - Ozocubu's Armour      Ice            0%         N/A       65%         3

Your spell library contained the following spells:

 Spells                   Type           Power      Damage    Failure   Level
 Apportation              Tloc           10%        N/A       14%         1
 Shock                    Conj/Air       8%         1d3       22%         1
 Foxfire                  Conj/Fire      0%         2x1d4     28%         1
 Freeze                   Ice            0%         1d3       28%         1
 Necrotise                Necr           0%         1d4       28%         1
 Ensorcelled Hibernation  Hex/Ice        20%        N/A       10%         2
 Portal Projectile        Hex/Tloc       26%        N/A       14%         3
 Dazzling Flash           Conj/Hex       20%        N/A       21%         3
 Poisonous Vapours        Pois/Air       4%         N/A       32%         2
 Static Discharge         Conj/Air       4%         2-3/arc   32%         2
 Ignite Poison            Fire/Tmut/Pois 6%         N/A       36%         3
 Swiftness                Air            4%         N/A       45%         3
 Yara's Violent Unravell  Hex/Tmut       9%         3d6       45%         5
 Anguish                  Hex/Necr       5%         N/A       54%         4
 Fulminant Prism          Conj/Hex       5%         3d7       54%         4
 Mephitic Cloud           Conj/Pois/Air  1%         N/A       58%         3
 Petrify                  Tmut/Erth      9%         N/A       63%         4
 Hailstorm                Conj/Ice       0%         3d3       65%         3
 Stone Arrow              Conj/Erth      0%         3d7       65%         3
 Passage of Golubria      Tloc           5%         N/A       80%         4
 Silence                  Hex/Air        6%         N/A       80%         5
 Airstrike                Air            2%         2d(1-17)  86%         4
 Metabolic Englaciation   Hex/Ice        5%         N/A       88%         5
 Iskenderun's Mystic Bla  Conj/Tloc      3%         2d3       90%         4
 Flame Wave               Conj/Fire      0%         2d4       96%         4
 Arcjolt                  Conj/Air       1%         1d11      99%         5
 Agony                    Necr           0%         N/A       100%        5
 Lee's Rapid Deconstruct  Erth           0%         3d4*      100%        5
 Eringya's Noxious Bog    Tmut/Pois      4%         4d6       100%        6
 Plasma Beam              Fire/Air       1%         2x1d11    100%        6
 Starburst                Conj/Fire      0%         6d3       100%        6
 Lehudib's Crystal Spear  Conj/Erth      0%         10d2      100%        8
 Maxwell's Capacitive Co  Air            2%         ∞         100%        8
 Chain Lightning          Conj/Air       1%         3d1       100%        9
 Fire Storm               Conj/Fire      0%         5d1       100%        9
 Summon Small Mammal      Summ           Unusable   N/A       N/A         1
 Tukima's Dance           Hex            Unusable   N/A       N/A         3
 Summon Lightning Spire   Summ/Air       Unusable   N/A       N/A         4
 Animate Armour           Summ/Erth      Unusable   N/A       N/A         4
 Simulacrum               Ice/Necr       Unusable   N/A       N/A         6

Dungeon Overview and Level Annotations

Branches:
Dungeon (15/15)            Temple (1/1) D:5            Lair (5/5) D:9
  Swamp (4/4) Lair:2        Snake (0/4) Lair:2        Slime (0/5) Lair:4
    Orc (2/2) D:10            Elf (0/3) Orc:2        Vaults (0/5) D:14
 Depths (0/4) D:15        Ossuary (visited)

Altars:
Ashenzari
Cheibriados
Dithmenos
Elyvilon
Fedhas
Gozag
Hepliaklqana
Kikubaaqudgha
Makhleb
Nemelex Xobeh
Okawaru
Qazlal
Ru
Sif Muna
Trog
Uskayaw
Vehumet
Wu Jian
Xom
Yredelemnul
Zin
The Shining One

Shops:
D:9 [[   D:10 [   Orc:2 :*[(

Annotations:
Lair:1 2 runed translucent doors, bahustanut's ghost, journeyman DsSh
Lair:4 2 transporters, Uveod's ghost, journeyman FeEE


Innate Abilities, Weirdness & Mutations

Your dull iron-grey scales are very hard. (AC +14)
You are amphibious.
You cannot fit into any form of body armour.
You are cold-blooded and may be slowed by cold attacks.
You are clumsy. (Dex -2)


Message History

The shambling mangrove is lightly damaged.
You feel sick.
You take 1 damage, and have 37/159 hp.
You slice the shambling mangrove!! You burn the shambling mangrove.
The shambling mangrove is moderately damaged.
The shambling mangrove completely misses you.
The grasping roots constrict you.
* * * LOW HITPOINT WARNING * * *
You take 2 damage, and have 35/159 hp.
You slice the shambling mangrove!! You burn the shambling mangrove!
The shambling mangrove is severely damaged.
You feel sick.
Angry insects surge out from beneath the shambling mangrove's foliage!
You block the shambling mangrove's attack.
The grasping roots constrict you!
* * * LOW HITPOINT WARNING * * *
You take 9 damage, and have 26/159 hp.
Aiming: Duel (16% risk of failure)
Press: ? - help, Dir - move target, f/p - shambling mangrove
Aim: a shambling mangrove (severely damaged, covered in acid)
Okay, then.
You feel much better.
You feel sick. The hornet barely misses you.
You regained 16 hp, and now have 42/159 hp.
Okay, then.
Okay, then.
As you read the scroll of teleportation {@r3}, it crumbles to dust.
You feel strangely unstable.
You feel sick. The hornet stings you.
* * * LOW HITPOINT WARNING * * *
You are more poisoned.
You suddenly lose the ability to move!
The hornet stings you but does no damage. x2
The shambling mangrove hits you but does no damage.
The grasping roots constrict you!!
* * * LOW HITPOINT WARNING * * *
The hornet stings you but does no damage.
The hornet stings you.
* * * LOW HITPOINT WARNING * * *
You are more poisoned.
You feel yourself slow down. The hornet stings you!
You die...

.♣ ~~≈~≈# ♣.~~~ ♣♣♣ #~≈~# ♣.~~~
~~♣♣ #...# ♣~~~~ ~~~♣♣# #..~#
♣~~~~ ~..~~♣♣♣♣♣♣♣♣♣.†~♣♣ ♣~~§~
<.[.~♣♣~~♣♣.....†~♣♣ ♣~.~~
....~....[~~..~....♣♣♣♣♣♣♣♣♣♣.~~~
.<~§~......~~.~yfy....♣♣<.~..§~..
...~~~♣♣♣.......@y.~~§~.~....~~~.
..~♣♣♣~~~♣~♣♣~~~.~♣~♣.§[.~~~~~~~.
.~♣♣ ♣♣.~♣♣♣♣.~§~.~♣.§~~~.~§~~.~~
.♣♣~~♣.~.♣♣♣~.~~§~~.~~~[..~~~.~♣♣
♣♣ ♣~~~~~.~~~~.[..~~~.[...~~~§♣♣
♣♣♣♣..~~~.♣♣~♣.~~§~♣♣..~~.♣♣
♣..[~~~♣♣♣♣.~~.♣♣♣♣.~~~.~~
♣..~...♣ ♣♣...♣ ♣♣~~~.~~.
♣♣..~♣♣♣ ♣♣♣♣♣ ♣~~~.<..


You could see a shambling mangrove (corroded) and 3 hornets.

Vanquished Creatures
  Saint Roka (Orc:2)
  A profane servitor (Abyss:2)
  A tentacled starspawn (Abyss:2)
  A thorn hunter (Swamp:3)
  Gastronok (Lair:2)
  A fenstrider witch (Swamp:4)
  2 deep elf sorcerers (D:11)
  2 orc warlords (Orc:1)
  A deep elf annihilator (D:13)
  Nessos (Lair:3)
  5 eleionomae
  2 bunyips
  A yaktaur captain (D:13)
  Josephine (D:14)
  2 shambling mangroves
  2 rakshasas
  3 ogre magi
  8 alligators
  9 centaur warriors
  A spriggan air mage (Swamp:3)
  20 hydras
  8 vault guards (D:14)
  Erica (D:8)
  6 boulder beetles
  3 catoblepae
  A deep troll shaman (Lair:5)
  2 ghost crabs
  A deep troll earth mage (D:15)
  2 tengu warriors (D:10)
  3 two-headed ogres
  15 death yaks
  A thrashing horror (Abyss:2)
  6 orc high priests
  Sonja (Orc:2)
  Urug (D:12)
  A wretched star (Abyss:2)
  A shadow wraith (D:15)
  3 skeletal warriors
  A death drake (Swamp:4)
  3 goliath frogs
  11 swamp dragons
  2 spriggan druids
  A flayed ghost (D:13)
  2 bog bodies
  A wizard (D:11)
  6 large abominations (Abyss:2)
  4 orc knights
  4 manticores
  2 ugly things (D:13)
  10 deep elf pyromancers
  8 orc sorcerers
  2 oklob plants
  3 cyclopes
  4 elephants (Lair:5)
  6 will-o-the-wisps
  An elephant (shapeshifter) (D:10)
  4 black mambas
  A smoke demon (Abyss:2)
  3 gargoyles (D:12)
  10 kobold demonologists
  An unseen horror (D:10)
  17 cane toads
  Psyche (D:11)
  5 komodo dragons
  A freezing wraith (D:13)
  2 tengu conjurers (D:11)
  3 efreet
  3 trolls
  6 polar bears
  6 hornets
  A hornet (shapeshifter) (D:15)
  8 tyrant leeches
  A raiju (Abyss:2)
  9 blink frogs
  9 slime creatures
  10 dream sheep
  6 flying skulls (Abyss:2)
  Sigmund (D:3)
  2 shadows
  A vampire (D:8)
  5 wyverns
  4 spriggans
  19 wraiths
  23 yaks
  A chaos spawn (Abyss:2)
  2 steam dragons (D:8)
  An unseen horror simulacrum (D:9)
  A human (shapeshifter) (D:15)
  28 vampire mosquitoes
  4 basilisks
  Edmund (D:6)
  4 nagas (Lair:2)
  3 wargs (Orc:1)
  15 swamp worms
  An acid dragon (D:10)
  17 water moccasins
  7 swamp drakes
  An ice beast (D:7)
  3 black bears
  37 orc warriors
  2 sky beasts
  14 wolves
  A boggart (D:15)
  9 ogres
  17 centaurs
  A phantom (D:7)
  3 gnoll sergeants
  5 kobold brigands
  12 bullfrogs
  6 scorpions
  2 small abominations (Abyss:2)
  9 wights
  3 killer bees (D:8)
  An electric eel (D:6)
  4 howler monkeys
  4 hounds
  21 orc priests
  5 gnoll boudas
  Jessica (D:3)
  5 iguanas
  2 sleepcaps (D:7)
  Natasha (twice) (D:3)
  19 orc wizards
  A mummy (Ossuary)
  7 adders
  23 gnolls
  A shadow imp (D:7)
  3 white imps
  An ufetubus (D:6)
  A worm (D:3)
  12 dart slugs
  86 orcs
  7 ball pythons
  2 endoplasms (D:1)
  3 giant cockroaches
  6 hobgoblins
  4 jackals (D:5)
  19 kobolds
  4 quokkas
  2 bats
  A frilled lizard (D:2)
  9 gnoll skeletons (Ossuary)
  2 goblins
  4 kobold skeletons (Ossuary)
  12 orc skeletons (Ossuary)
  6 rats
845 creatures vanquished.

Vanquished Creatures (others)
  2 bloated husks
  A spriggan (Swamp:3)
  3 boggarts (D:15)
  An orc (Orc:2)
  26 foxfires
  2 starspawn tentacles (Abyss:2)
35 creatures vanquished.

Grand Total: 880 creatures vanquished

Notes
Turn   | Place    | Note
-------+----------+-------------------------------------------
     0 | D:1      | Ofeo the Draconian Hexslinger began the quest for the Orb.
     0 | D:1      | Reached XP level 1. HP: 16/16 MP: 2/2
   334 | D:1      | Reached skill level 2 in Fighting
   337 | D:1      | Reached XP level 2. HP: 24/24 MP: 3/3
   423 | D:1      | Found a faded altar of an unknown god.
   847 | D:1      | Reached skill level 3 in Fighting
  1009 | D:2      | Reached XP level 3. HP: 31/31 MP: 4/4
  1918 | D:3      | Noticed Sigmund
  2088 | D:3      | Killed Sigmund
  2089 | D:3      | Reached skill level 6 in Fighting
  2089 | D:3      | Reached XP level 4. HP: 44/44 MP: 5/5
  2089 | D:3      | Reached XP level 5. HP: 50/50 MP: 6/6
  2294 | D:3      | Noticed Natasha
  2301 | D:3      | Killed Natasha
  2386 | D:3      | Reached XP level 6. HP: 52/58 MP: 7/7
  2833 | D:3      | Noticed Jessica
  2838 | D:3      | Killed Jessica
  2839 | D:3      | Reached skill level 7 in Fighting
  2963 | D:3      | Noticed Natasha
  2969 | D:3      | Killed Natasha
  3428 | D:4      | Found a sand-covered staircase.
  3448 | Ossuary  | Entered an ossuary
  3448 | Ossuary  | Noticed a wraith
  3448 | Ossuary  | Noticed a wraith
  3448 | Ossuary  | Noticed a wraith
  3500 | Ossuary  | Learned a level 3 spell: Inner Flame
  3625 | Ossuary  | Noticed a wraith
  3654 | Ossuary  | Killed a wraith
  3655 | Ossuary  | Reached skill level 8 in Fighting
  3655 | Ossuary  | Your scales start taking on a dull iron-grey colour.
  3655 | Ossuary  | Reached XP level 7. HP: 52/68 MP: 8/8
  4253 | D:5      | Entered Level 5 of the Dungeon
  4472 | D:5      | Found a staircase to the Ecumenical Temple.
  4488 | Temple   | Entered the Ecumenical Temple
  4550 | Temple   | Learned a level 3 spell: Vhi's Electric Charge
  4620 | Temple   | Became a worshipper of Warmaster Okawaru
  5330 | D:5      | Reached skill level 9 in Fighting
  5357 | D:4      | Reached XP level 8. HP: 48/78 MP: 9/9
  6298 | D:5      | Found a staircase to the Ecumenical Temple.
  6896 | D:6      | Reached skill level 5 in Hexes
  6942 | D:6      | Reached * piety under Okawaru
  6949 | D:6      | Reached skill level 10 in Fighting
  7250 | D:6      | Identified the +4 sling "Qogaol" {heavy, Contam rC+ Dex+4}
  7429 | D:6      | Noticed Edmund
  7670 | D:6      | Killed Edmund
  7670 | D:6      | Reached ** piety under Okawaru
  7671 | D:6      | Reached XP level 9. HP: 80/86 MP: 7/10
  8544 | D:7      | Reached skill level 11 in Fighting
  8923 | D:7      | Identified the +0 robe of Xohefes {Str-5 Int+2 Dex+2
                  | Archmagi}
  9068 | D:7      | Reached skill level 1 in Long Blades
  9615 | D:7      | Reached *** piety under Okawaru
  9801 | D:7      | Reached skill level 5 in Long Blades
 10032 | D:8      | Reached skill level 1 in Invocations
 10229 | D:8      | You fall into a shaft and drop 1 floor!
 10596 | D:8      | Noticed Erica
 10603 | D:8      | Killed Erica
 10603 | D:8      | Reached **** piety under Okawaru
 10604 | D:8      | Reached XP level 10. HP: 66/95 MP: 12/12
 11497 | D:9      | Noticed a two-headed ogre
 11505 | D:9      | Noticed a deep elf pyromancer
 11507 | D:9      | Killed a two-headed ogre
 11508 | D:9      | Reached skill level 5 in Invocations
 11524 | D:8      | HP: 2/95 [poisoned by a gnoll sergeant]
 11762 | D:8      | Upgraded the game from 0.31-a0-557-g6e16503903 to
                  | 0.31-a0-564-g3b7de120b3
 12118 | D:9      | Killed a deep elf pyromancer
 12539 | D:9      | Noticed a rakshasa
 12740 | D:9      | Killed a rakshasa
 12740 | D:9      | Reached ***** piety under Okawaru
 13013 | D:9      | Found a staircase to the Lair.
 13225 | D:9      | Found Foirgh's Antique Armour Boutique.
 13708 | D:9      | Found Urest's Armour Emporium.
 14003 | D:10     | Entered Level 10 of the Dungeon
 14082 | D:10     | Found Cehon's Armour Boutique.
 14093 | D:10     | Found a staircase to the Orcish Mines.
 14149 | D:10     | Reached XP level 11. HP: 66/102 MP: 16/16
 14153 | D:10     | Received a gift from Okawaru
 14279 | D:10     | Noticed a deep elf pyromancer
 14287 | D:10     | Noticed a tengu warrior
 14290 | D:10     | Killed a deep elf pyromancer
 14290 | D:10     | Identified the +1 robe of the Thistle {rElec rN+ Dex-3
                  | Slay+2}
 14290 | D:10     | Identified the ring "Goxaqom" {rC+ rN+}
 14290 | D:10     | Noticed an ogre mage
 14298 | D:10     | Noticed a tengu warrior
 14304 | D:10     | Noticed a deep elf pyromancer
 14307 | D:10     | Killed a tengu warrior
 14307 | D:10     | Noticed a two-headed ogre
 14619 | Lair:1   | Entered Level 1 of the Lair of Beasts
 15012 | Lair:1   | Identified the +9 falchion "Haceq" {flame, rElec rCorr}
 15137 | Lair:1   | Noticed a death yak
 15137 | Lair:1   | Noticed a death yak
 15137 | Lair:1   | Noticed a death yak
 15138 | Lair:1   | Noticed a death yak
 15165 | Lair:1   | Found a large runed translucent door.
 15165 | Lair:1   | Found a large runed translucent door.
 15169 | Lair:1   | Noticed bahustanut's ghost (journeyman DsSh)
 15188 | Lair:1   | Killed a death yak
 15189 | Lair:1   | Reached skill level 10 in Long Blades
 15193 | Lair:1   | Killed a death yak
 15255 | Lair:1   | Killed a death yak
 15260 | Lair:1   | Killed a death yak
 15261 | Lair:1   | Reached skill level 10 in Invocations
 16018 | Lair:2   | Found a staircase to the Swamp.
 16090 | Lair:2   | Noticed a death yak
 16097 | Lair:2   | Noticed an eight-headed hydra
 16191 | Lair:2   | Reached skill level 1 in Shields
 16191 | Lair:2   | Reached skill level 1 in Evocations
 16314 | Lair:2   | Killed a two-headed hydra
 16314 | Lair:2   | Identified the +7 great sword of Disgust {freeze, rN+ SInv}
                  | (Okawaru gifted it to you on level 2 of the Lair of Beasts)
 16314 | Lair:2   | Received a gift from Okawaru
 16359 | Lair:2   | Found a staircase to the Snake Pit.
 16374 | Lair:2   | Reached XP level 12. HP: 93/110 MP: 19/19
 16806 | Lair:2   | Noticed Gastronok
 16821 | Lair:2   | Killed Gastronok
 17291 | Lair:2   | Noticed a death yak
 17291 | Lair:2   | Noticed a death yak
 17313 | Lair:2   | Noticed a death yak
 17314 | Lair:2   | Noticed a death yak
 17316 | Lair:2   | Killed a death yak
 17682 | Lair:1   | Found a large runed translucent door.
 17683 | Lair:1   | Found a large runed translucent door.
 17904 | Lair:1   | Killed a death yak
 17914 | Lair:1   | Killed a death yak
 17961 | Lair:1   | Killed a death yak
 17961 | Lair:1   | Received a gift from Okawaru
 17961 | Lair:1   | Reached ****** piety under Okawaru
 18050 | Lair:2   | Killed a death yak
 18480 | Lair:2   | Reached skill level 5 in Shields
 18480 | Lair:2   | Reached skill level 5 in Evocations
 18980 | Lair:3   | Identified the +0 hat "Rutzyo" {Fly rC+++ Str+5 Stlth-}
                  | (Okawaru gifted it to you on level 3 of the Lair of Beasts)
 18980 | Lair:3   | Received a gift from Okawaru
 18984 | Lair:3   | Noticed Nessos
 19243 | Lair:2   | Noticed a catoblepas
 19254 | Lair:2   | Killed a catoblepas
 19744 | Lair:3   | Killed Nessos
 19744 | Lair:3   | HP: 5/110 [poisoned by Nessos]
 19745 | Lair:3   | Reached XP level 13. HP: 6/116 MP: 20/20
 20873 | Lair:4   | Found a staircase to the Slime Pits.
 21293 | Lair:4   | Found a transporter.
 21294 | Lair:4   | Found a bloodstained altar of Trog.
 21294 | Lair:4   | Noticed Uveod's ghost (journeyman FeEE)
 21300 | Lair:4   | Found a transporter.
 21949 | Lair:5   | Entered Level 5 of the Lair of Beasts
 22000 | Lair:5   | Identified the scarf of Uwioph {harm, rF+ rC+ Regen+}
                  | (Okawaru gifted it to you on level 5 of the Lair of Beasts)
 22000 | Lair:5   | Received a gift from Okawaru
 23896 | Lair:5   | Identified the +9 morningstar of Feonidgh {elec, Str+6
                  | Dex-2}
 24851 | D:10     | Reached XP level 14. HP: 124/124 MP: 21/21
 25264 | D:10     | Identified the +2 pair of boots of the Planets {+Blink
                  | rElec Str-5} (Okawaru gifted it to you on level 10 of the
                  | Dungeon)
 25264 | D:10     | Received a gift from Okawaru
 25842 | D:10     | Reached skill level 5 in Dodging
 25911 | D:10     | Found an ornate altar of the Wu Jian Council.
 25911 | D:10     | Found a basalt altar of Yredelemnul.
 25911 | D:10     | Found a hide-covered altar of Uskayaw.
 25911 | D:10     | Found a hazy altar of Hepliaklqana.
 26612 | D:11     | Noticed Psyche
 26640 | D:11     | Killed Psyche
 26963 | D:11     | Paralysed by something for 2 turns
 26990 | D:11     | Reached skill level 10 in Evocations
 27005 | D:11     | Reached skill level 10 in Shields
 27027 | D:11     | Got the Octavo of Bright Talus
 27045 | D:11     | Got Keagifing's Discourse on Injury and Spelunking
 27060 | D:11     | Found a shimmering blue altar of Sif Muna.
 27143 | D:11     | Noticed a deep elf sorcerer
 27144 | D:11     | Noticed a deep elf sorcerer
 27146 | Abyss:2  | Cast into level 2 of the Abyss (a deep elf sorcerer)
 27213 | Abyss:2  | Found a corrupted altar of Lugonu.
 27238 | Abyss:2  | Noticed a profane servitor
 27263 | Abyss:2  | Killed a profane servitor
 27432 | Abyss:2  | Received a gift from Okawaru
 27466 | Abyss:2  | Noticed a deep elf sorcerer
 27474 | Abyss:2  | Noticed a tentacled starspawn
 27485 | Abyss:2  | Killed a tentacled starspawn
 27544 | D:11     | Escaped the Abyss
 27554 | D:11     | Killed a deep elf sorcerer
 27557 | D:11     | Killed a deep elf sorcerer
 27557 | D:11     | Gained mutation: You are clumsy. (Dex -2) [a neqoxec]
 27567 | D:11     | Got the Tome of Baneful Electricity
 27569 | D:11     | Got the Anthology of Destined Putrescence
 27680 | D:11     | Identified the +8 long sword of Earthquakes {freeze, rF+
                  | Will- Str+3}
 27839 | Orc:1    | Entered Level 1 of the Orcish Mines
 28140 | Orc:2    | Entered Level 2 of the Orcish Mines
 28149 | Orc:2    | Found a staircase to the Elven Halls.
 28149 | Orc:2    | Noticed Saint Roka
 28956 | Orc:2    | Killed Saint Roka
 28957 | Orc:2    | Reached XP level 15. HP: 129/129 MP: 22/22
 29861 | Orc:1    | Identified the +1 pair of gloves of the Worm {rN+} (Okawaru
                  | gifted it to you on level 1 of the Orcish Mines)
 29861 | Orc:1    | Received a gift from Okawaru
 30011 | Orc:2    | Paralysed by an orc sorcerer for 4 turns
 30583 | Orc:2    | Paralysed by an orc sorcerer for 2 turns
 30723 | Orc:2    | Paralysed by an orc sorcerer for 5 turns
 31146 | Orc:2    | Found Zyivoich's General Store.
 31146 | Orc:2    | Found Xiuqu's Book Shop.
 31149 | Orc:2    | Found Aqerchepp's Antique Armour Shop.
 31149 | Orc:2    | Found Tiori's Antique Weapon Boutique.
 31227 | Orc:2    | Bought a manual of Transmutations for 880 gold pieces
 31436 | Orc:2    | Reached skill level 12 in Fighting
 31559 | Orc:2    | Noticed Sonja
 31572 | Orc:2    | Killed Sonja
 31751 | Orc:2    | Bought a runed cloak for 180 gold pieces
 32016 | D:12     | Noticed Urug
 32028 | D:12     | Killed Urug
 33516 | D:13     | Reached skill level 13 in Fighting
 33623 | D:13     | Identified the +8 dagger "Ofuim" {freeze, SInv Stlth+}
                  | (Okawaru gifted it to you on level 13 of the Dungeon)
 33623 | D:13     | Received a gift from Okawaru
 33624 | D:13     | Reached skill level 1 in Stealth
 33848 | D:13     | Identified the +0 leather armour "Xawez" {+Blink rF++ Int-4
                  | Dex-5}
 34152 | D:14     | Noticed Josephine
 34155 | D:14     | Killed Josephine
 34685 | D:14     | Reached skill level 10 in Dodging
 35109 | D:14     | Found a gate to the Vaults.
 35164 | D:14     | Identified the scarf "Long" {+Inv, -Tele Str+3 Dex+4}
                  | (Okawaru gifted it to you on level 14 of the Dungeon)
 35164 | D:14     | Received a gift from Okawaru
 35192 | D:14     | Reached skill level 14 in Fighting
 35509 | D:14     | Reached XP level 16. HP: 128/146 MP: 23/23
 35896 | D:15     | Entered Level 15 of the Dungeon
 36895 | D:15     | Found a staircase to the Depths.
 37242 | D:15     | Learned a level 4 spell: Cause Fear
 37246 | D:15     | Learned a level 3 spell: Frozen Ramparts
 37250 | D:15     | Learned a level 3 spell: Ozocubu's Armour
 37436 | Swamp:1  | Entered Level 1 of the Swamp
 38041 | Swamp:1  | Reached skill level 15 in Fighting
 38041 | Swamp:1  | Reached skill level 5 in Stealth
 38070 | Swamp:1  | Reached skill level 1 in Transmutations
 38518 | Swamp:2  | Identified the +1 hat of the Abyss {Int+2} (Okawaru gifted
                  | it to you on level 2 of the Swamp)
 38518 | Swamp:2  | Received a gift from Okawaru
 39280 | Swamp:3  | Found a transporter.
 39321 | Swamp:3  | Found a transporter.
 39410 | Swamp:3  | Identified the +2 pair of gloves of Erearej {rN+ Will-
                  | Slay+3}
 39423 | Swamp:3  | Identified the amulet "Feles" {Acrobat Will+++ MP+9 SInv
                  | Stlth-}
 39712 | Swamp:3  | Identified the +6 dagger of the Grave {flame, Str+2}
 39828 | Swamp:3  | Noticed a thorn hunter
 39847 | Swamp:3  | Killed a thorn hunter
 40096 | Swamp:3  | Reached skill level 5 in Transmutations
 40516 | Swamp:4  | Entered Level 4 of the Swamp
 40553 | Swamp:4  | Reached skill level 16 in Fighting
 41748 | Swamp:3  | Reached XP level 17. HP: 46/158 MP: 24/24
 42635 | Swamp:4  | Reached skill level 1 in Translocations
 42816 | Swamp:4  | Reached skill level 1 in Air Magic
 42999 | Swamp:4  | Paralysed by a hornet for 1 turns
 42999 | Swamp:4  | Slain by a hornet

Illustrated notes

Levels and vault maps discovered:
D:1:      lightli_arrival_windingriver, layout_loops_corners,
          basic_ecumenical_altar, minmay_door_square
D:2:      layout_loops_cross
D:3:      layout_basic, uniq_sigmund, uniq_natasha, uniq_jessica
D:4:      layout_loops_ring, nicolae_ossuary_entry_monument
D:5:      layout_rooms, minmay_temple_entry_slanted, nicolae_eternal_life
D:6:      kennysheep_slugbush, layout_basic, uniq_edmund
D:7:      layout_basic, minmay_puff
D:8:      layout_basic, minivault_27, uniq_erica
D:9:      layout_long_grid, dpeg_oklobed_lair, serial_shops, nicolae_shop_stone,
          shop, kb_rosetta
D:10:     minmay_the_grid_3x3 [minmay_the_grid_empty,
          minmay_the_grid_minigrid_medium, minmay_the_grid_odd_star,
          minmay_the_grid_medium_cups, minmay_the_grid_doors,
          minmay_the_grid_stretched_grid, minmay_the_grid_expand,
          minmay_the_grid_large_cup,
          minmay_the_grid_prize_four_corners_diamond_a], layout_long_grid,
          grunt_temple_overflow_cloverleaf, orc_david_3
D:11:     evilmike_library_of_no_secrets, layout_gridville, st_stairs_12,
          uniq_psyche
D:12:     layout_loops_cross, uniq_urug
D:13:     minmay_outward_triangles, layout_irregular_city
D:14:     layout_loops_ring, erik_vaults_2,
          nicolae_concentric_dashed_squares_wild, uniq_josephine
D:15:     hellmonk_depths_entry_around_the_bend, layout_long_grid,
          hangedman_decor_clover_reticule
Temple:   dpeg_three_leaves_temple
Lair:1:   layout_long_grid, ebering_ghost_disaster_area, serial_bayou_pond_a
Lair:2:   layout_chaotic_city, swamp_mist_pool, guppyfry_snake_entry_garden,
          st_stairs_11, uniq_gastronok
Lair:3:   layout_misc_corridors, chequers_serial_rivers_small_3, uniq_nessos
Lair:4:   layout_roguey, slime_entry_1, gammafunk_ghost_wrathful_warriors
Lair:5:   grunt_lair_end_beastmaster, layout_long_grid,
          infiniplex_staircase_pool_2
Swamp:1:  layout_falls_marsh, evilmike_swamp_ruin_house_1
Swamp:2:  layout_basic_swamp, nicolae_swamp_decorative_isthmus, swamp_pool1,
          nicolae_swamp_bloodsuckers_inc
Swamp:3:  gammafunk_worm_tunnel, layout_basic_swamp,
          evilmike_swamp_ruin_house_2, swamp_pool4, nicolae_swamp_some_circles
Swamp:4:  swamp_basic_johnstein, layout_basic_swamp,
          cheibrodos_swamp_pet_leeches, uniq_mlioglotl
Orc:1:    layout_caves
Orc:2:    st_orc_congregation, layout_diamond_mine, basic_altar, uniq_sonja,
          uniq_saint_roka

Skill      XL: |  1  2  3  4  5  6  7  8  9 10 11 12 13 14 15 16 17 |
---------------+----------------------------------------------------+-----
Fighting       | 2 3 6 8 9 10 11 14 16 | 16.5
Hexes          | 3 4 6 7 |  7.2
Long Blades    | 6 8 11 12 14 | 14.0
Invocations    | 3 7 10 | 10.4
Shields        | 2 6 8 10 | 10.0
Evocations     | 2 6 8 11 12 | 12.1
Dodging        | 4 8 10 11 | 11.6
Stealth        | 3 6 7 |  7.0
Transmutations | 6 |  6.1
Translocations | 1 |  1.7
Air Magic      | 1 |  1.3
Ranged Weapons | |  1.8
Spellcasting   | |  1.0

Action                     |  1- 3 |  4- 6 |  7- 9 | 10-12 | 13-15 | 16-18 || total
---------------------------+-------+-------+-------+-------+-------+-------++-------
  Melee: Falchion          |       |       |    55 |   188 |  1712 |   622 ||  2577
         Great sword       |       |       |    35 |    65 |       |       ||   100
         Tailslap          |       |       |    16 |   102 |   378 |   198 ||   694
         Scimitar          |       |       |       |   242 |       |       ||   242
         Punch             |       |       |       |    13 |       |       ||    13
         Unarmed           |       |       |       |       |    23 |       ||    23
         Long sword        |       |       |       |       |    46 |   142 ||   188
   Fire: Sling             |    77 |   172 |   436 |       |       |       ||   685
   Cast: Inner Flame       |       |       |     4 |       |       |       ||     4
         Slow              |       |       |     1 |     2 |       |       ||     3
 Invoke: Heroism           |       |       |     1 |     6 |    11 |     4 ||    22
         Finesse           |       |       |       |       |     3 |     1 ||     4
  Evoke: Wand              |     2 |     4 |    20 |    12 |     9 |     8 ||    55
    Use: Scroll            |     4 |     2 |     7 |    10 |     5 |     4 ||    32
         Potion            |     4 |       |       |     7 |     6 |    12 ||    29
   Stab: Sleeping          |       |       |     1 |     5 |     1 |     4 ||    11
         Confused          |       |       |       |       |     2 |       ||     2
         Petrified         |       |       |       |       |     6 |       ||     6
         Distracted        |       |       |       |       |       |     2 ||     2
 Armour: Skin              |     5 |    31 |   197 |   254 |   445 |   270 ||  1202
  Dodge: Dodged            |    12 |    50 |   352 |   389 |   924 |   729 ||  2456
  Block: Buckler           |       |       |       |    30 |   594 |   378 ||  1002

Table legend: (Time is in decaauts)
 A = Elapsed time spent in this place.
 B = Non-inter-level travel time spent in this place.
 C = Inter-level travel time spent in this place.
 D = Time resting spent in this place.
 E = Time spent auto-exploring this place.
 F = Levels seen in this place.
 G = Mean time per level.
                   A        B        C        D        E       F      G
               +--------+--------+--------+--------+--------+-----+--------+
         Total |  42353 |  40786 |   1567 |   9517 |  23454 |  29 | 1460.4 |
       Dungeon |  22190 |  21344 |    846 |   3256 |  14434 |  15 | 1479.3 |
        Temple |    139 |    131 |      8 |      0 |      0 |   1 |  139.0 |
          Lair |  10361 |   9851 |    510 |   2621 |   5563 |   5 | 2072.2 |
         Swamp |   5065 |   4992 |     73 |   2146 |   1838 |   4 | 1266.2 |
  Orcish Mines |   3862 |   3732 |    130 |   1401 |   1475 |   2 | 1931.0 |
         Abyss |    328 |    328 |      0 |     34 |      0 |   1 |  328.0 |
       Ossuary |    406 |    406 |      0 |     59 |    143 |   1 |  406.0 |
               +--------+--------+--------+--------+--------+-----+--------+

Top non-repeatable levels by time:
 Swamp:3: 3193 daAuts
  Lair:2: 2894 daAuts
     D:8: 2571 daAuts
  Lair:1: 2550 daAuts
     D:5: 2083 daAuts
   Orc:2: 2012 daAuts
    D:10: 1915 daAuts
  Lair:4: 1914 daAuts
  Lair:5: 1890 daAuts
   Orc:1: 1849 daAuts
     D:7: 1765 daAuts
    D:13: 1535 daAuts
     D:9: 1526 daAuts
     D:4: 1526 daAuts
    D:15: 1358 daAuts
